 Dungeon Crawl Stone Soup version 0.21.0-3-g78d12a8 (webtiles) character file.

322 raph the Insei (level 6, 0/47 HPs)
             Began as a Gnoll Transmuter on Jan 14, 2018.
             Was a Believer of Zin.
             Killed by divine providence
             ... invoked by an orc priest
              (14 damage)
             ... on level 4 of the Dungeon.
             The game lasted 00:08:38 (4073 turns).

raph the Insei (Gnoll Transmuter)                   Turns: 4073, Time: 00:08:39

Health: 0/47       AC: 10    Str: 12    XL:     6   Next: 47%
Magic:  14/14      EV:  7    Int: 16    God:    Zin [**....]
Gold:   136        SH:  0    Dex: 17    Spells: 8/15 levels left

rFire    . . .     SeeInvis .   z - +0 falchion
rCold    . . .     Gourm    .   (no shield)
rNeg     . . .     Faith    .   F - +0 chain mail
rPois    .         Spirit   .   D - +0 helmet
rElec    .         Reflect  .   (no cloak)
rCorr    .         Harm     .   E - +0 pair of gloves
MR       .....                  (no boots)
Stlth    ..........             (no amulet)
HPRegen  0.15/turn              (no ring)
MPRegen  0.14/turn              (no ring)

@: no status effects
A: distributed training, fangs 1, strong nose
a: Recite, Vitalisation, Donate Gold, Renounce Religion


You were on level 4 of the Dungeon.
You worshipped Zin.
Zin was pleased with you.
You were very hungry.

You visited 1 branch of the dungeon, and saw 4 of its levels.

You collected 151 gold pieces.
You donated 15 gold pieces to Zin.

Inventory:

Hand Weapons
 p - a +0 dagger
 w - a +0 whip
 z - a +0 falchion (weapon)
Missiles
 a - 32 arrows
 f - 193 stones (quivered)
Armour
 b - a +0 robe
 n - a +0 leather armour
 v - a +0 ring mail
 D - a +0 helmet (worn)
 E - a +0 pair of gloves (worn)
 F - a +0 chain mail (worn)
Jewellery
 t - an uncursed ring of protection from fire {unknown}
Wands
 C - a wand of flame (23)
 H - a wand of iceblast (9)
Scrolls
 g - 2 scrolls of enchant weapon {unknown}
 i - 3 scrolls of identify {unknown}
 k - 3 scrolls of amnesia {unknown}
 l - a scroll of blinking {unknown}
 o - a scroll of fog {unknown}
 q - a scroll of immolation {unknown}
 r - 4 scrolls of remove curse {unknown}
 s - 2 scrolls of magic mapping {unknown}
 x - 2 scrolls of noise {unknown}
 y - a scroll of teleportation {unknown}
Potions
 e - a potion of magic {unknown}
 h - 3 potions of curing {unknown}
 j - a potion of lignification {unknown}
 m - 2 potions of heal wounds {unknown}
 u - 3 potions of brilliance {unknown}
 A - a potion of resistance {unknown}
 B - a potion of ambrosia {unknown}
Books
 c - a book of Changes

   Spells                             Type                      Level
   a - Beastly Appendage              Transmutation                1
   b - Sticks to Snakes               Transmutation                2
   c - Spider Form                    Transmutation/Poison         3
   d - Ice Form                       Ice/Transmutation            4
   e - Blade Hands                    Transmutation                5
 G - a book of Callings

   Spells                             Type                      Level
   a - Summon Small Mammal            Summoning                    1
   b - Call Imp                       Summoning                    2
   c - Call Canine Familiar           Summoning                    3
   d - Summon Guardian Golem          Hexes/Summoning              3
   e - Summon Lightning Spire         Summoning/Air                4
   f - Summon Ice Beast               Ice/Summoning                4
Comestibles
 d - 4 rations


   Skills:
 + Level 3.2 Fighting
 + Level 1.9 Short Blades
 + Level 1.9 Long Blades
 + Level 1.9 Axes
 + Level 1.9 Maces & Flails
 + Level 1.9 Polearms
 + Level 1.9 Staves
 + Level 1.9 Slings
 + Level 1.9 Bows
 + Level 1.9 Crossbows
 + Level 1.9 Throwing
 + Level 1.9 Armour
 + Level 5.0 Dodging
 + Level 1.9 Stealth
 + Level 1.9 Shields
 + Level 6.8 Unarmed Combat
 + Level 5.3 Spellcasting
 + Level 1.5 Conjurations
 + Level 1.5 Hexes
 + Level 1.5 Charms
 + Level 1.5 Summonings
 + Level 1.5 Necromancy
 + Level 1.5 Translocations
 + Level 4.1 Transmutations
 + Level 1.5 Fire Magic
 + Level 1.5 Ice Magic
 + Level 1.5 Air Magic
 + Level 1.5 Earth Magic
 + Level 1.5 Poison Magic
 + Level 2.1 Invocations
 + Level 1.9 Evocations


You had 8 spell levels left.
You knew the following spells:

 Your Spells              Type           Power        Failure   Level  Hunger
a - Beastly Appendage     Tmut           ###...       75%         1    None
b - Sticks to Snakes      Tmut           ###.....     86%         2    #......
c - Spider Form           Tmut/Pois      ##........   99%         3    ###....
d - Summon Small Mammal   Summ           #...         97%         1    None


Dungeon Overview and Level Annotations

Branches:
Dungeon (4/15)
 Temple: D:4-7

Altars:
Zin


Innate Abilities, Weirdness & Mutations

Your experience applies equally to all skills.
You have very sharp teeth.
Your uncanny sense of smell can sniff out nearby items.


Message History

You start resting.
An orc priest comes into view. It is wielding a flail.
You are feeling very hungry.
You start resting.
You are too injured to fight recklessly!
You are too injured to fight recklessly!
The orc priest begins to cast a cantrip, but forgets the words!
You barely miss the orc priest.
The orc priest is moderately wounded.
The orc priest hits you with a flail.
* * * LOW HITPOINT WARNING * * *
Your chain mail prevents you from hitting the orc priest.
Your bite misses the orc priest.
The orc priest is moderately wounded.
The orc priest hits you but does no damage.
You hit the orc priest but do no damage.
The orc priest is moderately wounded.
The orc priest invokes the aid of Beogh against you.
Beogh smites you!
You die...

............
...........
#...o......
#..........
#......... ###
#........ #.###
#.###....
##...###.# .
##.....@o##
##.........###
#............##
#.............#
#.............##
##.............#
#####
###...........#
#...##
####.......##
#....##
##.#######


You could see an orc priest.

Vanquished Creatures
  Menkaure (D:4)
  A worker ant (D:4)
  Robin (D:2)
  9 adders
  2 dart slugs (D:1)
  3 leopard geckos
  An orc (D:3)
  2 giant cockroaches
  13 hobgoblins
  2 jackals (D:1)
  A quokka (D:3)
  A ball python (D:2)
  16 bats
  4 frilled lizards
  12 goblins
  8 kobolds
  5 rats
82 creatures vanquished.

Vanquished Creatures (collateral kills)
  2 goblins (D:2)
2 creatures vanquished.

Grand Total: 84 creatures vanquished

Notes
Turn   | Place    | Note
-------+----------+-------------------------------------------
     0 | D:1      | raph the Gnoll Transmuter began the quest for the Orb.
     0 | D:1      | Reached XP level 1. HP: 17/17 MP: 6/6
   272 | D:1      | Reached XP level 2. HP: 23/23 MP: 7/7
   365 | D:1      | Learned a level 2 spell: Sticks to Snakes
   671 | D:1      | Reached XP level 3. HP: 22/28 MP: 7/9
   948 | D:1      | Reached skill level 5 in Spellcasting
  1346 | D:2      | Reached skill level 1 in Invocations
  1352 | D:2      | Noticed Robin
  1567 | D:2      | Reached skill level 1 in Short Blades
  1567 | D:2      | Reached skill level 1 in Long Blades
  1567 | D:2      | Reached skill level 1 in Axes
  1567 | D:2      | Reached skill level 1 in Maces & Flails
  1567 | D:2      | Reached skill level 1 in Polearms
  1567 | D:2      | Reached skill level 1 in Staves
  1567 | D:2      | Reached skill level 1 in Slings
  1567 | D:2      | Reached skill level 1 in Bows
  1567 | D:2      | Reached skill level 1 in Crossbows
  1567 | D:2      | Reached skill level 1 in Throwing
  1567 | D:2      | Reached skill level 1 in Armour
  1567 | D:2      | Reached skill level 1 in Stealth
  1567 | D:2      | Reached skill level 1 in Shields
  1567 | D:2      | Reached skill level 1 in Evocations
  1610 | D:2      | Learned a level 3 spell: Spider Form
  1641 | D:2      | Reached XP level 4. HP: 32/34 MP: 11/11
  1722 | D:2      | Killed Robin
  1722 | D:2      | Reached skill level 1 in Conjurations
  1722 | D:2      | Reached skill level 1 in Hexes
  1722 | D:2      | Reached skill level 1 in Charms
  1722 | D:2      | Reached skill level 1 in Summonings
  1722 | D:2      | Reached skill level 1 in Necromancy
  1722 | D:2      | Reached skill level 1 in Translocations
  1722 | D:2      | Reached skill level 1 in Fire Magic
  1722 | D:2      | Reached skill level 1 in Ice Magic
  1722 | D:2      | Reached skill level 1 in Air Magic
  1722 | D:2      | Reached skill level 1 in Earth Magic
  1722 | D:2      | Reached skill level 1 in Poison Magic
  2409 | D:3      | Reached XP level 5. HP: 32/40 MP: 12/12
  2614 | D:3      | Found a faded altar of an unknown god.
  2633 | D:3      | Became a worshipper of Zin the Law-Giver
  2633 | D:3      | Reached * piety under Zin
  2659 | D:3      | Learned a level 1 spell: Summon Small Mammal
  2716 | D:3      | Reached ** piety under Zin
  3728 | D:4      | Noticed a phantom
  4049 | D:4      | Noticed Menkaure
  4057 | D:4      | Killed Menkaure
  4057 | D:4      | Reached skill level 5 in Dodging
  4057 | D:4      | Reached XP level 6. HP: 14/47 MP: 14/14
  4073 | D:4      | Killed from afar by an orc priest

Skill      XL: |  1  2  3  4  5 |
---------------+----------------+-----
Spellcasting   | 5 |  5.3
Invocations    | 1 2 |  2.1
Short Blades   | 1 |  1.9
Long Blades    | 1 |  1.9
Axes           | 1 |  1.9
Maces & Flails | 1 |  1.9
Polearms       | 1 |  1.9
Staves         | 1 |  1.9
Slings         | 1 |  1.9
Bows           | 1 |  1.9
Crossbows      | 1 |  1.9
Throwing       | 1 |  1.9
Armour         | 1 |  1.9
Stealth        | 1 |  1.9
Shields        | 1 |  1.9
Evocations     | 1 |  1.9
Conjurations   | 1 |  1.5
Hexes          | 1 |  1.5
Charms         | 1 |  1.5
Summonings     | 1 |  1.5
Necromancy     | 1 |  1.5
Translocations | 1 |  1.5
Fire Magic     | 1 |  1.5
Ice Magic      | 1 |  1.5
Air Magic      | 1 |  1.5
Earth Magic    | 1 |  1.5
Poison Magic   | 1 |  1.5
Fighting       | 3 |  3.2
Transmutations | 4 |  4.1
Dodging        | 5 |  5.0
Unarmed Combat | |  6.8

Action                   |  1- 3 |  4- 6 || total
-------------------------+-------+-------++-------
Melee: Unarmed           |    24 |       ||    24
       Headbutt          |     6 |     3 ||     9
       Dagger            |    47 |       ||    47
       Bite              |    11 |    15 ||    26
       Punch             |     6 |     7 ||    13
       Whip              |    66 |    67 ||   133
       Kick              |     3 |     4 ||     7
       Falchion          |       |   104 ||   104
 Cast: Beastly Appendage |     9 |     2 ||    11
       Sticks to Snakes  |     1 |     1 ||     2
Invok: Recite            |       |     1 ||     1
 Stab: Sleeping          |     1 |     2 ||     3
  Eat: Chunk             |     1 |     5 ||     6
       Ration            |     1 |       ||     1
Armor: Robe              |     6 |       ||     6
       Leather armour    |    19 |    46 ||    65
       Chain mail        |       |     1 ||     1
Dodge: Dodged            |   113 |   144 ||   257
       Rpst.: Falchion   |       |    29 ||    29
